[ AOE2 MATCH · #492380156 ]
UnrankedMongols vs Cumans
[ REPLAY ANALYSIS · EXTRACTED FROM THE RECORDED GAME ]
Feudal
10:37
Castle
19:23
Imperial
—
| APM avg | 24.4 |
| APM peak | 64 |
| eAPM avg | 7.7 |
| Villagers / military | 34 / 0 |
Focus
⚔️ 5.6% · 🌾 94.4%
Feudal
11:49
Castle
19:23
Imperial
—
| APM avg | 13.5 |
| APM peak | 29 |
| eAPM avg | 8.4 |
| Villagers / military | 45 / 1 |
Focus
⚔️ 5.7% · 🌾 94.3%
Battering Ram ×1
Feudal
10:26
Castle
—
Imperial
—
| APM avg | 31.4 |
| APM peak | 50 |
| eAPM avg | 11.4 |
| Villagers / military | 57 / 10 |
Focus
⚔️ 6.1% · 🌾 93.9%
Scout Cavalry ×10
Feudal
12:33
Castle
15:24
Imperial
—
| APM avg | 32.0 |
| APM peak | 69 |
| eAPM avg | 14.1 |
| Villagers / military | 29 / 8 |
Focus
⚔️ 31.8% · 🌾 68.2%
Knight ×8
Feudal
9:24
Castle
—
Imperial
—
| APM avg | 44.5 |
| APM peak | 79 |
| eAPM avg | 20.1 |
| Villagers / military | 49 / 0 |
Focus
⚔️ 24.7% · 🌾 75.3%
Feudal
10:36
Castle
—
Imperial
—
| APM avg | 21.3 |
| APM peak | 52 |
| eAPM avg | 9.3 |
| Villagers / military | 40 / 0 |
Focus
⚔️ 16.9% · 🌾 83.1%
Feudal
10:50
Castle
—
Imperial
—
| APM avg | 50.3 |
| APM peak | 87 |
| eAPM avg | 17.5 |
| Villagers / military | 39 / 30 |
Focus
⚔️ 31.0% · 🌾 69.0%
Archer ×29 · Spearman ×1
Feudal
10:42
Castle
—
Imperial
—
| APM avg | 42.7 |
| APM peak | 65 |
| eAPM avg | 23.9 |
| Villagers / military | 63 / 33 |
Focus
⚔️ 33.0% · 🌾 67.0%
Archer ×33
Match map
Initial resources + every placement click. Lines = walls · curves = elevation contours. ◆ gold · ⬟ stone · ● berries · ✦ relic · ◌ wall gap
Your base· ✓ Closed at 19:23 · 0t walls · fragile
JAF23's base· ✓ Closed at 19:23 · 0t walls · fragile
Dracarys's base· Open — unwalled flank
Pampuliupampam's base· Open — unwalled flank
MatRm10's base· Open — unwalled flank
oKC CHIEFS FANo's base· ✓ Closed at 20:02 · 32t walls · 1 gate(s) · fragile
Wojtek's base· Open — unwalled flank
[AryaStark]'s base· Open — unwalled flank
Smoothed initial terrain · ◌ = detected wall gap · hover for details
Inputs per minute
— hh - - JAF23
Build order — hh
60 actions detected in the replay
| 0:01 | Create | Villager (Male) ×4 |
| 0:03 | Build | House |
| 0:05 | Build | House |
| 1:35 | Create | Villager (Male) |
| 1:35 | Create | Villager (Male) |
| 2:16 | Create | Villager (Male) |
| 2:16 | Create | Villager (Male) |
| 2:26 | Create | Villager (Male) |
| 2:50 | Create | Villager (Male) |
| 2:50 | Create | Villager (Male) |
| 3:11 | Create | Villager (Male) |
| 3:12 | Create | Villager (Male) |
| 3:29 | Build | House |
| 4:00 | Create | Villager (Male) |
| 4:00 | Create | Villager (Male) |
| 4:01 | Create | Villager (Male) |
| 4:16 | Create | Villager (Male) |
| 4:16 | Create | Villager (Male) |
| 5:00 | Create | Villager (Male) |
| 5:01 | Create | Villager (Male) |
| 5:41 | Build | House |
| 6:11 | Create | Villager (Male) |
| 6:11 | Create | Villager (Male) |
| 6:31 | Create | Villager (Male) |
| 6:56 | Build | Mill |
| 7:04 | Create | Villager (Male) |
| 7:08 | Build | Lumber Camp |
| 7:31 | Create | Villager (Male) |
| 7:38 | Build | House |
| 8:27 | Research | Feudal Age |
| 9:13 | Build | Mining Camp |
| 10:37 | Age | Feudal Age |
| 13:29 | Create | Villager (Male) ×5 |
| 13:34 | Build | Farm |
| 13:34 | Build | Farm |
| 13:34 | Build | Farm |
| 13:34 | Build | Farm |
| 13:35 | Build | Farm |
| 13:35 | Build | Farm |
| 13:35 | Build | Farm |
| 13:35 | Build | Farm |
| 13:44 | Build | Market |
| 14:19 | Research | Double-Bit Axe |
| 14:20 | Research | Double-Bit Axe |
| 15:05 | Build | Mill |
| 15:34 | Create | Villager (Male) |
| 15:38 | Research | Loom |
| 15:39 | Create | Villager (Male) |
| 15:53 | Build | Blacksmith |
| 16:18 | Create | Villager (Male) |
| 16:19 | Create | Villager (Male) |
| 16:31 | Research | Castle Age |
| 16:32 | Research | Castle Age |
| 16:48 | Build | Mining Camp |
| 16:57 | Research | Stone Mining |
| 17:13 | Research | Horse Collar |
| 18:01 | Build | House |
| 18:35 | Build | Lumber Camp |
| 18:44 | Research | Wheelbarrow |
| 19:23 | Age | Castle Age |
Build order — JAF23
86 actions detected in the replay
| 0:03 | Create | Villager (Male) |
| 0:06 | Build | House |
| 0:07 | Build | House |
| 0:08 | Build | House |
| 0:22 | Create | Villager (Male) |
| 0:22 | Create | Villager (Male) |
| 0:23 | Create | Villager (Male) |
| 1:28 | Create | Villager (Male) |
| 2:08 | Create | Villager (Male) |
| 2:28 | Create | Villager (Male) |
| 2:42 | Create | Villager (Male) |
| 3:08 | Create | Villager (Male) |
| 3:11 | Create | Villager (Male) |
| 3:12 | Research | Loom |
| 3:44 | Create | Villager (Male) |
| 4:15 | Create | Villager (Male) |
| 4:25 | Create | Villager (Male) |
| 4:43 | Create | Villager (Male) |
| 4:48 | Build | Lumber Camp |
| 5:17 | Create | Villager (Male) |
| 5:49 | Create | Villager (Male) |
| 5:56 | Create | Villager (Male) |
| 6:03 | Build | House |
| 6:05 | Build | House |
| 7:09 | Create | Villager (Male) |
| 7:09 | Create | Villager (Male) |
| 8:02 | Create | Villager (Male) |
| 8:10 | Build | Mill |
| 8:36 | Create | Villager (Male) |
| 9:11 | Create | Villager (Male) |
| 9:34 | Research | Feudal Age |
| 9:44 | Build | Mining Camp |
| 10:10 | Create | Villager (Male) |
| 10:48 | Create | Villager (Male) |
| 10:58 | Create | Villager (Male) |
| 11:23 | Build | Farm |
| 11:25 | Build | Farm |
| 11:26 | Build | Farm |
| 11:28 | Build | Farm |
| 11:29 | Build | Farm |
| 11:49 | Age | Feudal Age |
| 11:51 | Build | Town Center |
| 12:03 | Create | Villager (Male) |
| 12:45 | Create | Villager (Male) |
| 12:57 | Build | House |
| 13:16 | Create | Villager (Male) |
| 13:28 | Create | Villager (Male) |
| 13:36 | Create | Villager (Male) |
| 13:45 | Create | Villager (Male) |
| 14:25 | Create | Villager (Male) |
| 14:30 | Build | Mining Camp |
| 14:32 | Create | Villager (Male) |
| 14:35 | Create | Villager (Male) |
| 14:51 | Build | Market |
| 15:38 | Create | Villager (Male) |
| 15:43 | Build | Blacksmith |
| 15:48 | Create | Villager (Male) |
| 15:51 | Build | House |
| 15:59 | Create | Villager (Male) |
| 16:28 | Create | Villager (Male) |
| 16:43 | Research | Castle Age |
| 16:51 | Create | Villager (Male) |
| 16:57 | Build | Barracks |
| 17:06 | Create | Villager (Male) |
| 17:28 | Build | Siege Workshop |
| 17:37 | Create | Villager (Male) |
| 17:56 | Create | Villager (Male) |
| 17:58 | Build | Stable |
| 18:02 | Build | House |
| 18:03 | Build | House |
| 18:05 | Build | House |
| 18:06 | Build | House |
| 18:10 | Research | Double-Bit Axe |
| 18:15 | Create | Villager (Male) |
| 18:43 | Build | Farm |
| 18:44 | Build | Farm |
| 18:46 | Build | Farm |
| 18:48 | Build | Farm |
| 18:58 | Create | Villager (Male) |
| 18:59 | Create | Villager (Male) |
| 19:13 | Build | Farm |
| 19:17 | Build | Farm |
| 19:23 | Age | Castle Age |
| 19:29 | Build | Farm |
| 19:37 | Build | Farm |
| 20:02 | Create | Battering Ram |
Build order — Dracarys
96 actions detected in the replay
| 0:01 | Create | Villager (Male) |
| 0:01 | Create | Villager (Male) |
| 0:01 | Create | Villager (Male) |
| 0:02 | Create | Villager (Male) |
| 0:02 | Create | Villager (Male) |
| 0:03 | Build | House |
| 0:05 | Build | House |
| 1:18 | Create | Villager (Male) |
| 1:18 | Create | Villager (Male) |
| 1:18 | Create | Villager (Male) |
| 1:46 | Build | Lumber Camp |
| 2:07 | Create | Villager (Male) |
| 2:07 | Create | Villager (Male) |
| 2:07 | Create | Villager (Male) |
| 2:19 | Create | Villager (Male) |
| 2:20 | Create | Villager (Male) |
| 2:20 | Create | Villager (Male) |
| 2:58 | Create | Villager (Male) |
| 2:58 | Create | Villager (Male) |
| 2:58 | Create | Villager (Male) |
| 3:12 | Create | Villager (Male) |
| 3:13 | Create | Villager (Male) |
| 3:13 | Create | Villager (Male) |
| 3:46 | Create | Villager (Male) |
| 3:46 | Create | Villager (Male) |
| 3:46 | Create | Villager (Male) |
| 3:54 | Create | Villager (Male) |
| 3:54 | Create | Villager (Male) |
| 3:54 | Create | Villager (Male) |
| 3:58 | Build | Mill |
| 4:14 | Research | Loom |
| 4:24 | Build | House |
| 4:45 | Create | Villager (Male) |
| 4:45 | Create | Villager (Male) |
| 5:05 | Create | Villager (Male) |
| 5:05 | Create | Villager (Male) |
| 5:05 | Create | Villager (Male) |
| 5:06 | Create | Villager (Male) |
| 6:01 | Build | House |
| 6:20 | Create | Villager (Male) |
| 6:20 | Create | Villager (Male) |
| 6:21 | Create | Villager (Male) |
| 6:21 | Create | Villager (Male) |
| 6:21 | Create | Villager (Male) |
| 7:18 | Build | Farm |
| 7:22 | Build | Farm |
| 8:16 | Research | Feudal Age |
| 8:16 | Research | Feudal Age |
| 8:16 | Research | Feudal Age |
| 8:33 | Build | Barracks |
| 9:39 | Build | House |
| 10:26 | Age | Feudal Age |
| 10:31 | Build | Stable |
| 10:35 | Create | Villager (Male) |
| 10:35 | Create | Villager (Male) |
| 10:36 | Create | Villager (Male) |
| 10:36 | Create | Villager (Male) |
| 11:00 | Research | Horse Collar |
| 11:07 | Build | House |
| 11:34 | Create | Scout Cavalry ×5 |
| 11:34 | Create | Scout Cavalry ×5 |
| 12:19 | Build | Blacksmith |
| 12:25 | Create | Villager (Male) |
| 12:25 | Create | Villager (Male) |
| 12:53 | Build | Farm |
| 13:10 | Research | Forging |
| 13:43 | Create | Villager (Male) |
| 13:44 | Create | Villager (Male) |
| 13:44 | Create | Villager (Male) |
| 13:44 | Create | Villager (Male) |
| 13:47 | Build | Mining Camp |
| 14:07 | Create | Villager (Male) |
| 14:07 | Create | Villager (Male) |
| 14:12 | Build | Farm |
| 14:35 | Create | Villager (Male) |
| 14:35 | Create | Villager (Male) |
| 15:28 | Build | House |
| 15:37 | Create | Villager (Male) |
| 15:38 | Create | Villager (Male) |
| 15:40 | Build | Farm |
| 15:43 | Build | Farm |
| 15:53 | Build | House |
| 16:14 | Create | Villager (Male) |
| 16:38 | Build | Farm |
| 16:50 | Build | Farm |
| 17:00 | Create | Villager (Male) |
| 17:30 | Create | Villager (Male) |
| 17:32 | Build | Farm |
| 17:35 | Build | House |
| 17:41 | Build | Farm |
| 17:47 | Build | Mining Camp |
| 18:44 | Build | Farm |
| 18:47 | Build | Mill |
| 18:51 | Build | Farm |
| 18:53 | Build | Farm |
| 18:54 | Create | Villager (Male) |
Build order — Pampuliupampam
68 actions detected in the replay
| 0:01 | Create | Villager (Male) ×4 |
| 0:02 | Build | House |
| 0:04 | Build | House |
| 1:31 | Create | Villager (Male) |
| 1:51 | Create | Villager (Male) |
| 2:22 | Create | Villager (Male) |
| 2:55 | Create | Villager (Male) |
| 3:30 | Create | Villager (Male) |
| 3:30 | Create | Villager (Male) |
| 3:33 | Create | Villager (Male) |
| 3:33 | Create | Villager (Male) |
| 4:03 | Build | House |
| 4:14 | Create | Villager (Male) |
| 4:17 | Build | House |
| 5:23 | Build | Farm |
| 5:34 | Create | Villager (Male) |
| 5:36 | Create | Villager (Male) |
| 6:18 | Create | Villager (Male) |
| 6:30 | Build | Mill |
| 7:36 | Build | Farm |
| 8:18 | Create | Villager (Male) |
| 8:19 | Create | Villager (Male) |
| 8:31 | Create | Villager (Male) |
| 9:10 | Research | Feudal Age |
| 9:16 | Create | Villager (Male) |
| 9:17 | Create | Villager (Male) |
| 9:25 | Create | Villager (Male) |
| 9:26 | Research | Feudal Age |
| 10:37 | Build | Mining Camp |
| 10:44 | Build | Lumber Camp |
| 12:33 | Age | Feudal Age |
| 12:44 | Research | Castle Age |
| 12:54 | Research | Double-Bit Axe |
| 12:59 | Research | Horse Collar |
| 13:13 | Build | Farm |
| 14:54 | Build | Stable |
| 15:05 | Research | Gold Mining |
| 15:18 | Build | Farm |
| 15:18 | Build | Farm |
| 15:20 | Build | Farm |
| 15:22 | Build | Farm |
| 15:24 | Age | Castle Age |
| 15:31 | Research | Bow Saw |
| 15:39 | Create | Knight |
| 15:57 | Create | Villager (Male) |
| 16:30 | Build | Farm |
| 16:36 | Create | Villager (Male) |
| 16:42 | Build | House |
| 16:48 | Create | Knight |
| 17:12 | Build | Farm |
| 17:12 | Build | Farm |
| 17:36 | Build | Farm |
| 17:38 | Create | Villager (Male) |
| 17:39 | Create | Villager (Male) |
| 17:41 | Create | Knight |
| 18:02 | Build | Town Center |
| 18:06 | Create | Villager (Male) |
| 18:23 | Create | Knight |
| 18:28 | Build | House |
| 18:52 | Create | Villager (Male) |
| 18:55 | Create | Knight |
| 19:19 | Build | Blacksmith |
| 19:30 | Create | Knight |
| 19:30 | Create | Knight |
| 19:30 | Create | Knight |
| 19:44 | Create | Villager (Male) |
| 19:52 | Build | Farm |
| 19:52 | Build | Farm |
Build order — MatRm10
94 actions detected in the replay
| 0:02 | Build | House |
| 0:04 | Build | House |
| 0:04 | Create | Villager (Male) |
| 0:05 | Create | Villager (Male) |
| 0:05 | Create | Villager (Male) |
| 0:40 | Create | Villager (Male) |
| 0:41 | Create | Villager (Male) |
| 1:24 | Create | Villager (Male) |
| 1:52 | Create | Villager (Male) |
| 1:53 | Create | Villager (Male) |
| 2:11 | Create | Villager (Male) |
| 2:12 | Create | Villager (Male) |
| 2:12 | Create | Villager (Male) |
| 2:27 | Build | Lumber Camp |
| 2:36 | Create | Villager (Male) |
| 2:36 | Create | Villager (Male) |
| 2:36 | Create | Villager (Male) |
| 3:15 | Create | Villager (Male) |
| 3:15 | Create | Villager (Male) |
| 3:15 | Create | Villager (Male) |
| 3:28 | Build | House |
| 3:29 | Build | House |
| 3:51 | Create | Villager (Male) |
| 3:51 | Create | Villager (Male) |
| 4:29 | Create | Villager (Male) |
| 4:53 | Build | Mill |
| 4:58 | Create | Villager (Male) |
| 4:58 | Create | Villager (Male) |
| 4:58 | Create | Villager (Male) |
| 5:49 | Create | Villager (Male) |
| 6:15 | Create | Villager (Male) |
| 6:25 | Research | Loom |
| 6:51 | Build | Mining Camp |
| 7:14 | Research | Feudal Age |
| 8:57 | Create | Villager (Male) |
| 8:57 | Create | Villager (Male) |
| 9:24 | Age | Feudal Age |
| 9:29 | Build | Watch Tower |
| 9:38 | Build | House |
| 10:06 | Build | Watch Tower |
| 10:20 | Create | Villager (Male) |
| 10:20 | Create | Villager (Male) |
| 10:30 | Build | House |
| 10:50 | Create | Villager (Male) |
| 11:02 | Build | House |
| 11:10 | Build | Barracks |
| 11:12 | Create | Villager (Male) |
| 11:20 | Create | Villager (Male) |
| 11:36 | Create | Villager (Male) |
| 11:38 | Build | Mining Camp |
| 11:58 | Build | Watch Tower |
| 12:11 | Research | Double-Bit Axe |
| 12:52 | Create | Villager (Male) |
| 13:05 | Build | House |
| 13:13 | Create | Villager (Male) |
| 13:17 | Build | House |
| 13:39 | Build | Farm |
| 13:53 | Build | Watch Tower |
| 13:58 | Build | Palisade Gate |
| 14:00 | Build | Palisade Wall |
| 14:11 | Create | Villager (Male) |
| 14:31 | Create | Villager (Male) |
| 14:38 | Build | Farm |
| 14:39 | Build | Farm |
| 14:39 | Build | Farm |
| 14:40 | Build | Farm |
| 14:52 | Create | Villager (Male) |
| 15:01 | Build | Watch Tower |
| 15:19 | Create | Villager (Male) |
| 15:27 | Create | Villager (Male) |
| 15:51 | Build | Watch Tower |
| 15:58 | Create | Villager (Male) |
| 16:35 | Create | Villager (Male) |
| 16:37 | Build | Lumber Camp |
| 16:54 | Create | Villager (Male) |
| 17:03 | Build | Watch Tower |
| 17:18 | Build | House |
| 17:21 | Build | House |
| 17:27 | Create | Villager (Male) |
| 17:33 | Build | Farm |
| 17:34 | Build | Farm |
| 17:52 | Build | Mining Camp |
| 17:56 | Create | Villager (Male) |
| 18:17 | Build | Stone Wall |
| 18:18 | Create | Villager (Male) |
| 18:20 | Build | Farm |
| 18:25 | Build | Farm |
| 18:27 | Research | Horse Collar |
| 18:50 | Create | Villager (Male) |
| 18:50 | Create | Villager (Male) |
| 18:56 | Build | Farm |
| 18:59 | Build | Farm |
| 19:18 | Build | Stone Wall |
| 19:20 | Create | Villager (Male) |
Build order — oKC CHIEFS FANo
73 actions detected in the replay
| 0:01 | Create | Villager (Male) |
| 0:01 | Create | Villager (Male) |
| 0:01 | Create | Villager (Male) |
| 0:01 | Create | Villager (Male) |
| 1:29 | Create | Villager (Male) |
| 2:04 | Create | Villager (Male) |
| 2:04 | Create | Villager (Male) |
| 2:38 | Create | Villager (Male) |
| 3:11 | Create | Villager (Male) |
| 3:11 | Create | Villager (Male) |
| 3:35 | Create | Villager (Male) |
| 3:50 | Create | Villager (Male) |
| 4:52 | Create | Villager (Male) |
| 4:52 | Create | Villager (Male) |
| 4:53 | Create | Villager (Male) |
| 5:07 | Build | Mill |
| 5:22 | Create | Villager (Male) |
| 6:18 | Research | Loom |
| 6:20 | Create | Villager (Male) |
| 6:20 | Create | Villager (Male) |
| 7:17 | Create | Villager (Male) |
| 7:17 | Create | Villager (Male) |
| 7:18 | Create | Villager (Male) |
| 7:18 | Create | Villager (Male) |
| 7:18 | Create | Villager (Male) |
| 7:27 | Build | Lumber Camp |
| 7:45 | Create | Villager (Male) |
| 7:45 | Create | Villager (Male) |
| 7:46 | Create | Villager (Male) |
| 7:46 | Create | Villager (Male) |
| 8:26 | Research | Feudal Age |
| 9:20 | Build | Palisade Wall |
| 9:21 | Build | Palisade Wall |
| 10:36 | Age | Feudal Age |
| 10:39 | Create | Villager (Male) |
| 10:40 | Create | Villager (Male) |
| 10:40 | Create | Villager (Male) |
| 10:40 | Create | Villager (Male) |
| 10:55 | Build | Blacksmith |
| 11:50 | Build | Barracks |
| 11:54 | Research | Forging |
| 12:23 | Build | Palisade Wall |
| 12:37 | Build | Stable |
| 12:45 | Create | Villager (Male) |
| 12:49 | Research | Town Watch |
| 12:50 | Create | Villager (Male) |
| 12:50 | Create | Villager (Male) |
| 12:51 | Create | Villager (Male) |
| 12:51 | Create | Villager (Male) |
| 13:17 | Build | Palisade Gate |
| 13:26 | Build | Palisade Wall |
| 13:34 | Build | Watch Tower |
| 14:17 | Create | Villager (Male) |
| 14:18 | Create | Villager (Male) |
| 14:18 | Create | Villager (Male) |
| 14:18 | Create | Villager (Male) |
| 15:33 | Build | Mining Camp |
| 17:02 | Build | Market |
| 17:38 | Build | Watch Tower |
| 17:41 | Research | Fletching |
| 17:56 | Build | Mill |
| 18:07 | Build | Farm |
| 18:07 | Build | Farm |
| 18:07 | Build | Farm |
| 18:08 | Build | Farm |
| 18:08 | Build | Farm |
| 18:08 | Build | Farm |
| 18:25 | Build | Farm |
| 18:26 | Build | Farm |
| 18:44 | Build | Farm |
| 18:55 | Build | Farm |
| 19:12 | Build | Mining Camp |
| 20:02 | Research | Castle Age |
Build order — Wojtek
108 actions detected in the replay
| 0:00 | Create | Villager (Male) |
| 0:01 | Create | Villager (Male) |
| 0:01 | Create | Villager (Male) |
| 0:03 | Build | House |
| 0:04 | Build | House |
| 0:44 | Create | Villager (Male) |
| 0:44 | Create | Villager (Male) |
| 1:34 | Create | Villager (Male) |
| 2:01 | Create | Villager (Male) |
| 2:18 | Build | Lumber Camp |
| 2:20 | Create | Villager (Male) |
| 3:00 | Create | Villager (Male) |
| 3:02 | Create | Villager (Male) |
| 3:22 | Build | House |
| 3:57 | Create | Villager (Male) |
| 3:58 | Create | Villager (Male) |
| 4:38 | Create | Villager (Male) |
| 5:16 | Create | Villager (Male) |
| 5:16 | Create | Villager (Male) |
| 5:17 | Create | Villager (Male) |
| 5:17 | Create | Villager (Male) |
| 5:32 | Create | Villager (Male) |
| 6:16 | Create | Villager (Male) |
| 6:56 | Create | Villager (Male) |
| 7:00 | Build | House |
| 7:03 | Research | Loom |
| 7:04 | Create | Villager (Male) |
| 7:55 | Create | Villager (Male) |
| 8:07 | Build | Mill |
| 8:40 | Research | Feudal Age |
| 9:32 | Build | Mining Camp |
| 9:40 | Build | Palisade Wall |
| 9:58 | Build | House |
| 10:06 | Build | Palisade Wall |
| 10:24 | Build | Barracks |
| 10:27 | Create | Villager (Male) |
| 10:28 | Create | Villager (Male) |
| 10:46 | Build | Palisade Wall |
| 10:50 | Age | Feudal Age |
| 11:05 | Research | Double-Bit Axe |
| 11:20 | Build | Archery Range |
| 11:32 | Build | Blacksmith |
| 11:45 | Create | Villager (Male) |
| 11:50 | Research | Gold Mining |
| 12:10 | Build | House |
| 12:16 | Create | Villager (Male) |
| 12:18 | Create | Archer |
| 12:32 | Build | Archery Range |
| 12:46 | Create | Archer ×2 |
| 12:50 | Create | Villager (Male) |
| 12:50 | Create | Villager (Male) |
| 12:53 | Research | Fletching |
| 13:21 | Build | House |
| 13:23 | Create | Archer |
| 13:23 | Create | Archer |
| 13:25 | Create | Villager (Male) |
| 14:06 | Build | Watch Tower |
| 14:18 | Create | Archer |
| 14:19 | Create | Archer |
| 14:20 | Create | Villager (Male) |
| 14:24 | Build | Farm |
| 14:25 | Build | Farm |
| 14:27 | Create | Archer |
| 14:28 | Create | Archer |
| 14:40 | Build | House |
| 14:42 | Build | House |
| 14:48 | Build | Market |
| 14:53 | Build | Market |
| 15:02 | Create | Archer |
| 15:21 | Create | Archer |
| 15:21 | Create | Archer |
| 15:42 | Create | Archer |
| 15:42 | Create | Archer |
| 15:45 | Create | Villager (Male) |
| 15:56 | Build | Farm |
| 16:20 | Build | House |
| 16:39 | Create | Villager (Male) |
| 16:40 | Create | Villager (Male) |
| 16:44 | Build | Archery Range |
| 16:49 | Build | Farm |
| 16:49 | Build | Farm |
| 16:49 | Build | Farm |
| 16:58 | Build | Farm |
| 16:59 | Create | Villager (Male) |
| 17:13 | Create | Villager (Male) |
| 17:14 | Create | Villager (Male) |
| 17:15 | Create | Archer |
| 17:15 | Create | Archer |
| 17:21 | Research | Padded Archer Armor |
| 17:53 | Create | Archer |
| 17:53 | Create | Archer |
| 17:53 | Create | Archer |
| 17:54 | Create | Archer |
| 18:21 | Build | House |
| 18:41 | Create | Spearman |
| 18:45 | Build | House |
| 18:55 | Create | Villager (Male) |
| 18:56 | Create | Archer |
| 18:56 | Create | Archer |
| 18:57 | Create | Archer |
| 19:17 | Create | Archer |
| 19:18 | Create | Archer |
| 19:18 | Create | Archer |
| 19:41 | Create | Villager (Male) |
| 19:57 | Create | Villager (Male) |
| 19:58 | Create | Archer |
| 19:58 | Create | Archer |
| 19:58 | Create | Archer |
Build order — [AryaStark]
139 actions detected in the replay
| 0:00 | Create | Villager (Male) |
| 0:01 | Create | Villager (Male) |
| 0:01 | Create | Villager (Male) |
| 0:01 | Create | Villager (Male) |
| 0:02 | Build | House |
| 0:03 | Build | House |
| 0:50 | Research | Loom |
| 0:51 | Create | Villager (Male) |
| 0:51 | Create | Villager (Male) |
| 0:51 | Create | Villager (Male) |
| 1:07 | Create | Villager (Male) |
| 1:07 | Create | Villager (Male) |
| 1:07 | Create | Villager (Male) |
| 1:43 | Create | Villager (Male) |
| 1:43 | Create | Villager (Male) |
| 1:43 | Create | Villager (Male) |
| 2:15 | Create | Villager (Male) |
| 2:15 | Create | Villager (Male) |
| 2:15 | Create | Villager (Male) |
| 2:15 | Create | Villager (Male) |
| 2:30 | Create | Villager (Male) |
| 2:31 | Create | Villager (Male) |
| 2:31 | Create | Villager (Male) |
| 2:31 | Create | Villager (Male) |
| 2:51 | Build | Lumber Camp |
| 3:04 | Create | Villager (Male) |
| 3:04 | Create | Villager (Male) |
| 3:05 | Create | Villager (Male) |
| 3:13 | Create | Villager (Male) |
| 3:13 | Create | Villager (Male) |
| 3:14 | Create | Villager (Male) |
| 4:15 | Create | Villager (Male) |
| 4:16 | Create | Villager (Male) |
| 4:16 | Create | Villager (Male) |
| 4:16 | Create | Villager (Male) |
| 4:49 | Build | Mill |
| 5:07 | Create | Villager (Male) |
| 5:07 | Create | Villager (Male) |
| 5:07 | Create | Villager (Male) |
| 5:08 | Create | Villager (Male) |
| 5:19 | Build | House |
| 5:24 | Build | House |
| 5:27 | Build | Palisade Gate |
| 5:29 | Create | Villager (Male) |
| 5:30 | Create | Villager (Male) |
| 5:30 | Create | Villager (Male) |
| 6:13 | Build | Palisade Gate |
| 6:16 | Build | Palisade Wall |
| 6:45 | Create | Villager (Male) |
| 6:45 | Create | Villager (Male) |
| 7:03 | Build | House |
| 7:12 | Create | Villager (Male) |
| 7:26 | Build | Palisade Wall |
| 8:00 | Build | House |
| 8:32 | Research | Feudal Age |
| 8:47 | Build | Palisade Wall |
| 8:58 | Build | Mining Camp |
| 9:31 | Build | Palisade Wall |
| 9:49 | Build | Barracks |
| 10:10 | Build | Palisade Wall |
| 10:17 | Create | Villager (Male) |
| 10:18 | Create | Villager (Male) |
| 10:18 | Create | Villager (Male) |
| 10:42 | Age | Feudal Age |
| 10:44 | Research | Double-Bit Axe |
| 10:56 | Build | Archery Range |
| 11:11 | Create | Villager (Male) |
| 11:11 | Create | Villager (Male) |
| 11:12 | Create | Villager (Male) |
| 11:24 | Build | House |
| 11:54 | Build | Archery Range |
| 11:58 | Create | Archer |
| 11:58 | Create | Archer |
| 11:58 | Create | Archer |
| 12:10 | Create | Villager (Male) |
| 12:10 | Create | Villager (Male) |
| 12:11 | Create | Villager (Male) |
| 12:11 | Create | Villager (Male) |
| 12:27 | Build | Palisade Wall |
| 12:39 | Build | Lumber Camp |
| 12:47 | Create | Archer |
| 12:47 | Create | Archer |
| 12:48 | Create | Archer |
| 12:48 | Create | Archer |
| 12:48 | Create | Archer |
| 12:48 | Create | Archer |
| 12:54 | Create | Villager (Male) |
| 12:54 | Create | Villager (Male) |
| 12:54 | Create | Villager (Male) |
| 12:54 | Create | Villager (Male) |
| 13:07 | Create | Archer |
| 13:07 | Create | Archer |
| 13:15 | Build | Palisade Wall |
| 13:30 | Create | Archer |
| 13:31 | Create | Archer |
| 13:31 | Create | Archer |
| 13:31 | Create | Archer |
| 13:31 | Create | Archer |
| 13:31 | Create | Archer |
| 13:47 | Create | Villager (Male) |
| 13:47 | Create | Villager (Male) |
| 13:47 | Create | Villager (Male) |
| 13:49 | Build | Farm |
| 13:54 | Create | Archer |
| 13:54 | Create | Archer |
| 13:54 | Create | Archer |
| 13:54 | Create | Archer |
| 14:37 | Build | Blacksmith |
| 14:50 | Build | House |
| 14:54 | Create | Archer |
| 14:54 | Create | Archer |
| 14:54 | Create | Archer |
| 15:32 | Build | Farm |
| 15:34 | Build | Farm |
| 15:35 | Build | Farm |
| 15:36 | Create | Villager (Male) |
| 15:37 | Create | Villager (Male) |
| 15:37 | Create | Villager (Male) |
| 16:53 | Build | Farm |
| 16:54 | Build | Market |
| 17:14 | Research | Fletching |
| 17:24 | Create | Archer |
| 17:24 | Create | Archer |
| 17:24 | Create | Archer |
| 17:24 | Create | Archer |
| 17:24 | Create | Archer |
| 17:47 | Build | Farm |
| 18:05 | Research | Padded Archer Armor |
| 18:11 | Create | Archer |
| 18:11 | Create | Archer |
| 18:12 | Create | Archer |
| 18:12 | Create | Archer |
| 18:19 | Build | Farm |
| 18:21 | Create | Villager (Male) |
| 18:21 | Create | Villager (Male) |
| 18:22 | Build | Farm |
| 19:15 | Build | Farm |
| 19:17 | Research | Horse Collar |
| 19:24 | Build | Lumber Camp |
Match timeline
| 6:16 | [AryaStark] · wall_segment Palisade Wall x5 |
| 7:26 | [AryaStark] · wall_segment Palisade Wall x5 |
| 8:33 | Dracarys · first_building Barracks |
| 8:47 | [AryaStark] · wall_segment Palisade Wall x4 |
| 9:20 | oKC CHIEFS FANo · wall_segment Palisade Wall x9 |
| 9:21 | oKC CHIEFS FANo · wall_segment Palisade Wall x14 |
| 9:24 | MatRm10 · age_up feudal |
| 9:31 | [AryaStark] · wall_segment Palisade Wall x2 |
| 9:40 | Wojtek · wall_segment Palisade Wall x9 |
| 9:49 | [AryaStark] · first_building Barracks |
| 10:06 | Wojtek · wall_segment Palisade Wall x26 |
| 10:10 | [AryaStark] · wall_segment Palisade Wall x7 |
| 10:24 | Wojtek · first_building Barracks |
| 10:26 | Dracarys · age_up feudal |
| 10:31 | Dracarys · first_building Stable |
| 10:36 | oKC CHIEFS FANo · age_up feudal |
| 10:37 | hh · age_up feudal |
| 10:42 | [AryaStark] · age_up feudal |
| 10:46 | Wojtek · wall_segment Palisade Wall x7 |
| 10:50 | Wojtek · age_up feudal |
| 10:56 | [AryaStark] · first_building Archery Range |
| 11:10 | MatRm10 · first_building Barracks |
| 11:20 | Wojtek · first_building Archery Range |
| 11:49 | JAF23 · age_up feudal |
| 11:50 | oKC CHIEFS FANo · first_building Barracks |
| 12:23 | oKC CHIEFS FANo · wall_segment Palisade Wall x7 |
| 12:27 | [AryaStark] · wall_segment Palisade Wall x4 |
| 12:33 | Pampuliupampam · age_up feudal |
| 12:37 | oKC CHIEFS FANo · first_building Stable |
| 13:15 | [AryaStark] · wall_segment Palisade Wall x1 |
| 13:26 | oKC CHIEFS FANo · wall_segment Palisade Wall x3 |
| 14:00 | MatRm10 · wall_segment Palisade Wall x1 |
| 14:54 | Pampuliupampam · first_building Stable |
| 15:24 | Pampuliupampam · age_up castle |
| 16:42 | JAF23 · first_market_buy 100 food |
| 16:57 | JAF23 · first_building Barracks |
| 17:26 | oKC CHIEFS FANo · first_market_buy 100 stone |
| 17:28 | oKC CHIEFS FANo · first_market_sell 100 wood |
| 17:28 | JAF23 · first_building Siege Workshop |
| 17:58 | JAF23 · first_building Stable |
| 18:17 | MatRm10 · wall_segment Stone Wall x19 |
| 19:18 | MatRm10 · wall_segment Stone Wall x28 |
| 19:19 | Dracarys · resign |
| 19:23 | hh · age_up castle |
| 19:23 | JAF23 · age_up castle |
[ AI ANALYSIS · 1 CREDIT ]
What really happened in this match?
Wolo.gg analyzes every decision: build order, eco, micro, common mistakes by bracket. Personalized analysis on WhatsApp or Discord in 30 seconds.
Civ guide
Mongols
Perfil
hh